 Dungeon Sprint DCSS version 0.30.1-11-g7821555f0a (webtiles) character file.

Game seed: 12036051602526872247

3390 DiggyJ the Carver (level 10, -1/86 HPs)
             Began as a Human Fighter on Jan 8, 2024.
             Was a High Priest of Cheibriados.
             Slain by a skyshark (10 damage)
             ... in the Dungeon (Sprint IX: "|||||||||||||||||||||||||||||").
             The game lasted 00:04:02 (465 turns).

DiggyJ the Carver (Human Fighter)                    Turns: 465, Time: 00:04:03

Health: -1/86      AC: 16    Str: 34    XL:     10   Next: 24%
Magic:  10/10      EV: 16    Int: 23    God:    Cheibriados [*****.]
Gold:   12         SH:  8    Dex: 27    Spells: 9/9 levels left

rFire   . . .        a - +0 long sword
rCold   . . .        c - +0 buckler
rNeg    . . .        b - +0 scale mail
rPois   .            o - +0 helmet
rElec   .            (no cloak)
rCorr   .            n - +0 pair of gloves
SInv    .            (no boots)
Will    .....        (no amulet)
Stlth   ++           q - +2 ring of protection
HPRegen 0.34/turn    r - +2 ring of protection
MPRegen 0.12/turn

%: no teleportation
@: very slow
A: no striking features
a: Renounce Religion, Bend Time, Temporal Distortion, Slouch, Step From Time


You were in the Dungeon.
You worshipped Cheibriados.
Cheibriados was extremely pleased with you.
You visited 1 branch You collected 12 gold pieces.

Inventory:

Hand Weapons
 a - a +0 long sword (weapon)
 m - a +2 scimitar of flaming
Armour
 b - a +0 scale mail (worn)
 c - a +0 buckler (worn)
 n - a +0 pair of gloves (worn)
 o - a +0 helmet (worn)
 p - a +2 ring mail
Jewellery
 q - a +2 ring of protection (left hand)
 r - a +2 ring of protection (right hand)
Scrolls
 i - a scroll of identify
 j - 2 scrolls of fog
 k - 2 scrolls of amnesia
 s - 4 scrolls of enchant weapon
Potions
 d - a potion of brilliance
 e - 7 potions of curing
 f - a potion of invisibility
 g - 4 potions of haste
 h - 4 potions of magic


   Skills:
 + Level 10.7 Fighting
 + Level 12.8 Long Blades
 + Level 11.3 Armour
 + Level 6.0 Dodging
 + Level 4.4 Stealth
 + Level 8.2 Shields
 + Level 5.3 Evocations


You had 9 spell levels left.
You didn't know any spells.
Your spell library was empty.

Dungeon Overview and Level Annotations

Branches:
Dungeon (1/1)

Altars:
Cheibriados
Dithmenos
Elyvilon
Fedhas
Gozag
Hepliaklqana
Kikubaaqudgha
Makhleb
Nemelex Xobeh
Okawaru
Qazlal
Ru
Sif Muna
Trog
Uskayaw
Vehumet
Wu Jian
Xom
Yredelemnul
Zin
The Shining One
Jiyva
Lugonu


Message History

The skyshark is heavily wounded.
The blink frog hits you but does no damage.
The skyshark bites you but does no damage.
The skyshark tail-slaps you. You block the skyshark's attack.
You hit the skyshark but do no damage.
The skyshark is heavily wounded.
The blink frog hits you. The skyshark bites you!!
* * * LOW HITPOINT WARNING * * *
You block the skyshark's attack. The skyshark tail-slaps you!
* * * LOW HITPOINT WARNING * * *
You block the blink frog's attack.
Read: scroll of fear
Press: ? - help, Q - select action, (/) - cycle Dir - look around, f - activate Look: a skyshark (heavily wounded, berserk, not susceptible)
As you read the scroll of fear, it crumbles to dust.
You assume a fearsome visage.
The blink frog looks frightened!
The skyshark is unaffected.
The bullfrog looks frightened!
The yak looks frightened!
The skyshark closely misses you. The skyshark completely misses you.
You block the skyshark's attack.
The blink frog blinks!
The skyshark closely misses you. The skyshark barely misses you.
You block the skyshark's attack.
You feel better.
The blink frog blinks!
The skyshark completely misses you. The skyshark misses you.
The skyshark completely misses you.
You hit the skyshark.
The skyshark is heavily wounded.
The blink frog blinks!
The skyshark closely misses you. x2
The skyshark tail-slaps you but does no damage.
You hit the skyshark but do no damage.
The skyshark is heavily wounded.
The blink frog blinks!
The skyshark closely misses you. The skyshark barely misses you.
You block the skyshark's attack.
The skyshark misses you. x2; The skyshark barely misses you.
The blink frog blinks!
You hit the skyshark but do no damage.
The skyshark is heavily wounded.
The blink frog blinks!
You block the skyshark's attack. The skyshark tail-slaps you!
You die...

▓.▓.▓.▓
▓.▓.▓.▓
▓.▓.▓.▓
▓.▓.▓§▓
▓'▓.▓.▓
▓_▓.▓.▓
▓_▓.▓§▓
▓_▓.▓.▓
▓_▓.▓@▓
▓_▓.▓l▓
▓_▓.▓.▓
▓_▓.▓.▓
▓_▓.▓.▓
▓_▓.▓.▓
▓_▓.▓F▓
▓_▓.▓Y▓
▓_▓.▓


You could see a skyshark (berserk), a yak (fleeing) and a bullfrog (fleeing).

Vanquished Creatures
  2 centaur warriors (D)
  2 manticores (D)
  A troll (D)
  A slime creature (D)
  2 yaks (D)
  A wyvern (D)
  A steam dragon (D)
  2 water moccasins (D)
  An orc warrior (D)
  An ogre (D)
  A bullfrog (D)
  A scorpion (D)
  A howler monkey (D)
  A gnoll bouda (D)
  An iguana (D)
  2 orc wizards (D)
  An orc (D)
  A quokka (D)
  A bat (D)
  A frilled lizard (D)
  A kobold (D)
  A rat (D)
27 creatures vanquished.

Notes
Turn   | Place    | Note
-------+----------+-------------------------------------------
     0 | D        | DiggyJ the Human Fighter began the quest for the Orb.
     0 | D        | Reached XP level 1. HP: 18/18 MP: 1/1
    27 | D        | Noticed an ogre
    27 | D        | Noticed a scorpion
    27 | D        | Noticed an iguana
    27 | D        | Noticed an orc wizard
    32 | D        | Killed an ogre
    33 | D        | Reached skill level 5 in Fighting
    33 | D        | Reached skill level 3 in Long Blades
    33 | D        | Reached skill level 5 in Armour
    33 | D        | Reached skill level 5 in Shields
    33 | D        | Reached XP level 2. HP: 16/27 MP: 2/2
    33 | D        | Reached XP level 3. HP: 20/33 MP: 3/3
    33 | D        | Reached XP level 4. HP: 24/39 MP: 4/4
    34 | D        | Killed a scorpion
    35 | D        | Reached skill level 4 in Long Blades
    35 | D        | Reached XP level 5. HP: 29/46 MP: 5/5
    60 | D        | HP: 2/47 [orc wizard/puff of flame (5)]
    68 | D        | Reached skill level 5 in Long Blades
    68 | D        | Reached XP level 6. HP: 30/53 MP: 6/6
    76 | D        | Found a snail-covered altar of Cheibriados.
    76 | D        | Found a shadowy altar of Dithmenos.
    76 | D        | Found a white marble altar of Elyvilon.
    76 | D        | Found a blossoming altar of Fedhas.
    76 | D        | Found an opulent altar of Gozag.
    77 | D        | Found a hazy altar of Hepliaklqana.
    78 | D        | Found a viscous altar of Jiyva.
    79 | D        | Found an ancient bone altar of Kikubaaqudgha.
    80 | D        | Became a worshipper of Cheibriados the Contemplative
    81 | D        | Found a corrupted altar of Lugonu.
    82 | D        | Found a burning altar of Makhleb.
    83 | D        | Found a sparkling altar of Nemelex Xobeh.
    84 | D        | Found an iron altar of Okawaru.
    85 | D        | Found a stormy altar of Qazlal.
    86 | D        | Found a sacrificial altar of Ru.
    87 | D        | Found a shimmering blue altar of Sif Muna.
    88 | D        | Found a bloodstained altar of Trog.
    89 | D        | Found a hide-covered altar of Uskayaw.
    90 | D        | Found a radiant altar of Vehumet.
    91 | D        | Found an ornate altar of the Wu Jian Council.
    92 | D        | Found a shimmering altar of Xom.
    93 | D        | Found a basalt altar of Yredelemnul.
    94 | D        | Found a glowing silver altar of Zin.
    95 | D        | Found a glowing golden altar of the Shining One.
   137 | D        | Noticed a wyvern
   137 | D        | Noticed an orc warrior
   137 | D        | Noticed a steam dragon
   187 | D        | Reached * piety under Cheibriados
   188 | D        | Reached skill level 1 in Dodging
   198 | D        | Reached skill level 6 in Long Blades
   200 | D        | Killed a wyvern
   201 | D        | Reached skill level 7 in Long Blades
   201 | D        | Reached XP level 7. HP: 45/62 MP: 7/7
   208 | D        | Killed a steam dragon
   208 | D        | Reached ** piety under Cheibriados
   209 | D        | Reached skill level 8 in Long Blades
   218 | D        | Reached skill level 1 in Evocations
   233 | D        | Noticed a manticore
   233 | D        | Noticed a troll
   233 | D        | Noticed a centaur warrior
   233 | D        | Noticed a centaur warrior
   233 | D        | Noticed a manticore
   233 | D        | Noticed a slime creature
   248 | D        | Killed a manticore
   248 | D        | Killed a troll
   248 | D        | Reached *** piety under Cheibriados
   249 | D        | Reached skill level 10 in Long Blades
   249 | D        | Reached XP level 8. HP: 25/71 MP: 8/8
   258 | D        | Killed a centaur warrior
   259 | D        | Reached skill level 11 in Long Blades
   259 | D        | Reached skill level 10 in Armour
   259 | D        | Reached XP level 9. HP: 50/78 MP: 9/9
   267 | D        | Killed a centaur warrior
   267 | D        | Reached **** piety under Cheibriados
   268 | D        | Reached skill level 10 in Fighting
   268 | D        | Reached skill level 5 in Dodging
   271 | D        | Killed a manticore
   272 | D        | Reached skill level 12 in Long Blades
   287 | D        | Reached XP level 10. HP: 44/86 MP: 10/10
   429 | D        | Reached ***** piety under Cheibriados
   430 | D        | Reached skill level 5 in Evocations
   431 | D        | Noticed a skyshark
   460 | D        | HP: 1/86 [skyshark (10)]
   465 | D        | Slain by a skyshark

Illustrated notes

Levels and vault maps discovered:
D:        linesprint [early_d, line_temple, items_1, d_10, items_2, lair_1,
          lair_end, items_3, orc_1, orc_end, items_4, d_15, swamp_1, shoals_1,
          snake_1, spider_1, d_20, vaults_1, items_5, swamp_end, shoals_end,
          snake_end, spider_end, vaults_end, d_27, items_6, zot_1, zot_end,
          crypt_end, forest_end, elf_end, slime_end, tomb_end, abyss_end,
          pan_hell_end]

Skill      XL: |  1  2  3  4  5  6  7  8  9 10 |
---------------+-------------------------------+-----
Fighting       | 5 6 8 9 10 | 10.7
Long Blades    | 3 4 5 7 10 11 12 | 12.8
Armour         | 5 6 8 9 10 11 | 11.3
Shields        | 5 6 7 8 |  8.2
Dodging        | 2 3 4 5 6 |  6.0
Evocations     | 2 3 4 5 |  5.3
Stealth        | 2 3 4 |  4.4

Action                     |  1- 3 |  4- 6 |  7- 9 | 10-12 || total
---------------------------+-------+-------+-------+-------++-------
  Melee: Long sword        |    21 |    70 |    32 |    43 ||   166
  Evoke: Wand              |       |     2 |     8 |       ||    10
    Use: Potion            |     1 |     1 |     3 |     1 ||     6
         Scroll            |       |     1 |     1 |     1 ||     3
   Stab: Invisible         |       |       |     2 |       ||     2
 Armour: Scale mail        |    12 |    48 |    17 |    14 ||    91
  Dodge: Dodged            |    14 |    16 |    24 |    29 ||    83
  Block: Buckler           |     4 |     6 |    11 |    20 ||    41
